 Dungeon Crawl Stone Soup version 0.28-a0-1356-g2ad6d04315 (webtiles) character file.

Game seed: 731019957269519989

524121 freelancePsychic the Warrior (level 24, -5/197 HPs)
             Began as a Demonspawn Conjurer on Dec 30, 2021.
             Was the Champion of Cheibriados.
             Killed from afar by a yellow draconian annihilator (12 damage)
             ... with a glob of acid
             ... on level 5 of the Realm of Zot.
             The game lasted 03:49:08 (60198 turns).

freelancePsychic the Warrior (Demonspawn Conjurer) Turns: 60198, Time: 03:49:08

Health: -5/197     AC: 13    Str: 28    XL:     24   Next: 20%
Magic:  12/42      EV: 23    Int: 41    God:    Cheibriados [******]
Gold:   1235       SH: 24    Dex: 29    Spells: 12/53 levels left

rFire   + + .      SeeInvis +   b - +8 trident of the Octopus King {venom, rElec rPois}
rCold   + . .      Faith    .   X - +0 tower shield of Afeby {rF++}
rNeg    . . .      Spirit   .   K - +1 troll leather armour {Snorg}
rPois   +          Reflect  .   (helmet unavailable)
rElec   +          Harm     .   m - +0 cloak
rCorr   .          Rampage  .   T - +0 pair of gloves
Will    +....                   k - +1 pair of boots of Inviolability {Regen+ Str+4}
Stlth   ++++......              Y - amulet of magic regeneration
HPRegen 2.02/turn               t - ring of wizardry
MPRegen 0.68/turn               V - ring of protection from cold

@: forested, corroded, sanguine armoured, very slow
A: antennae 3, demonic guardian 3, sanguine armour 2, demonic magic 3,
corrupting presence 1, dopey 1, wild magic 1
}: 3/15 runes: serpentine, slimy, gossamer
a: Renounce Religion, Bend Time, Temporal Distortion, Slouch, Step From Time


You were on level 5 of the Realm of Zot.
You worshipped Cheibriados.
Cheibriados was exalted by your worship.
You visited 10 branches of the dungeon, and saw 52 of its levels.
You visited the Abyss 1 time.
You visited 2 bazaars.
You also visited: Sewer and Ice Cave.

You collected 9494 gold pieces.
You spent 8259 gold pieces at shops.

Inventory:

Hand Weapons
 a - the +7 dagger of Peril {venom, Int+4}
   (You found it on level 6 of the Lair of Beasts)

   It poisons the flesh of those it strikes.
   Int:       It affects your intelligence (+4).
 b - the +8 trident of the Octopus King (weapon) {venom, rElec rPois}
   (You found it on level 8 of the Dungeon)

   It poisons the flesh of those it strikes.
   rElec:     It insulates you from electricity.
   rPois:     It protects you from poison.
Missiles
 y - 4 throwing nets
Armour
 k - the +1 pair of boots of Inviolability (worn) {Regen+ Str+4}
   (You found it in an ice cave)

   Str:       It affects your strength (+4).
   Regen:     It increases your rate of health regeneration.
 m - a +0 cloak (worn)
 K - a +1 troll leather armour (worn) {Snorg}
 T - a +0 pair of gloves (worn)
 X - the +0 tower shield of Afeby (worn) {rF++}
   (You acquired it on level 2 of the Depths)

   rF:        It greatly protects you from fire.
Magical Staves
 E - a staff of earth
Jewellery
 t - a ring of wizardry (left hand)
 w - a ring of protection from fire
 O - an amulet of the acrobat
 Q - a ring of magical power
 R - a ring of magical power
 V - a ring of protection from cold (right hand)
 Y - an amulet of magic regeneration (around neck)
 Z - an amulet of guardian spirit
Wands
 h - a wand of flame (110)
 i - a wand of charming (12)
 o - a wand of mindburst (24)
 C - a wand of digging (5)
 D - a wand of iceblast (48)
 I - a wand of paralysis (19)
 M - a wand of acid (15)
 P - a wand of polymorph (12)
Scrolls
 f - 8 scrolls of immolation
 g - 22 scrolls of identify {@r1}
 l - 14 scrolls of teleportation {@r4}
 p - 4 scrolls of brand weapon
 u - 12 scrolls of enchant weapon
 v - 8 scrolls of fog
 A - 5 scrolls of fear
 B - 2 scrolls of torment
 N - 2 scrolls of blinking
 S - 3 scrolls of silence
 W - 4 scrolls of amnesia
Potions
 d - 7 potions of lignification
 e - 3 potions of magic
 j - 29 potions of curing {@q1}
 n - 4 potions of cancellation
 q - 5 potions of brilliance
 s - 6 potions of ambrosia
 x - 4 potions of attraction
 z - 4 potions of might
 F - a potion of mutation
 G - a potion of invisibility
 J - 5 potions of flight
 L - 4 potions of berserk rage
 U - a potion of resistance


   Skills:
 + Level 17.9 Fighting
 - Level 6.0 Short Blades
 - Level 9.9 Armour
 - Level 12.1 Dodging
 - Level 6.0 Stealth
 - Level 17.2 Shields
 - Level 15.4 Spellcasting
 - Level 12.7 Conjurations
 - Level 4.4 Hexes
 - Level 15.3 Summonings
 - Level 10.2 Translocations
 - Level 15.1 Earth Magic
 + Level 12.4 Invocations


You had 12 spell levels left.
You knew the following spells:

 Your Spells              Type           Power      Damage    Failure   Level
a - Magic Dart            Conj           100%       1d8       1%          1
b - Iron Shot             Conj/Erth      56%        9d11      1%          6
c - Summon Forest         Summ/Tloc      54%        N/A       1%          5
d - Spellforged Servitor  Conj/Summ      56%        N/A       4%          7
e - Summon Hydra          Summ           58%        N/A       2%          7
f - Lehudib's Crystal Sp  Conj/Erth      56%        10d13     30%         8
h - Malign Gateway        Summ/Tloc      54%        N/A       8%          7

Your spell library contained the following spells:

 Spells                   Type           Power      Damage    Failure   Level
 Apportation              Tloc           100%       N/A       1%          1
 Freeze                   Ice            100%       1d11      1%          1
 Pain                     Necr           100%       1d9       1%          1
 Sandblast                Erth           100%       2d20      1%          1
 Slow                     Hex            100%       N/A       1%          1
 Blink                    Tloc           100%       N/A       1%          2
 Passwall                 Tmut/Erth      74%        N/A       1%          2
 Searing Ray              Conj           100%       2d8       1%          2
 Confusing Touch          Hex            73%        N/A       1%          3
 Dazzling Flash           Conj/Hex       100%       N/A       1%          3
 Lesser Beckoning         Tloc           100%       N/A       1%          3
 Mephitic Cloud           Conj/Pois/Air  72%        N/A       1%          3
 Stone Arrow              Conj/Erth      100%       3d13      1%          3
 Fulminant Prism          Conj/Hex       46%        3d21      1%          4
 Hailstorm                Conj/Ice       83%        3d17      1%          4
 Iskenderun's Mystic Bla  Conj/Tloc      100%       2d19      1%          4
 Passage of Golubria      Tloc           100%       N/A       1%          4
 Summon Ice Beast         Ice/Summ       89%        N/A       1%          4
 Summon Lightning Spire   Summ/Air       89%        N/A       1%          4
 Iskenderun's Battlesphe  Conj           100%       2d15      1%          5
 Manifold Assault         Tloc           100%       N/A       1%          5
 Summon Mana Viper        Hex/Summ       98%        N/A       1%          5
 Summon Cactus Giant      Summ           58%        N/A       1%          6
 Sublimation of Blood     Necr           41%        N/A       2%          2
 Wereblood                Tmut           41%        N/A       2%          2
 Inner Flame              Hex/Fire       59%        N/A       2%          3
 Borgnjor's Vile Clutch   Necr/Erth      44%        N/A       2%          5
 Monstrous Menagerie      Summ           58%        N/A       2%          7
 Cause Fear               Hex            36%        N/A       3%          4
 Lightning Bolt           Conj/Air       41%        1d60      4%          5
 Frozen Ramparts          Ice            82%        1d10      5%          3
 Ozocubu's Armour         Ice            41%        N/A       5%          3
 Vampiric Draining        Necr           41%        2d8       5%          3
 Freezing Cloud           Conj/Ice/Air   36%        6-21      9%          5
 Airstrike                Air            20%        N/A       16%         4
 Animate Dead             Necr           20%        N/A       16%         4
 Ice Form                 Ice/Tmut       41%        N/A       16%         4
 Silence                  Hex/Air        29%        N/A       17%         5
 Conjure Ball Lightning   Conj/Air       41%        3x3d13    17%         6
 Starburst                Conj/Fire      41%        6d12      17%         6
 Agony                    Necr           41%        N/A       36%         5
 Alistair's Intoxication  Tmut/Pois      27%        N/A       36%         5
 Excruciating Wounds      Necr           20%        N/A       36%         5
 Death Channel            Necr           20%        N/A       87%         6
 Eringya's Noxious Bog    Tmut/Pois      20%        N/A       87%         6
 Simulacrum               Ice/Necr       20%        N/A       87%         6
 Shatter                  Erth           58%        3d43*     92%         9
 Ozocubu's Refrigeration  Ice            20%        4d9       100%        7
 Storm Form               Tmut/Air       20%        N/A       100%        7
 Discord                  Hex            36%        N/A       100%        8
 Maxwell's Capacitive Co  Air            20%        ∞         100%        8
 Chain Lightning          Conj/Air       41%        3d55      100%        9
 Fire Storm               Conj/Fire      41%        8d11      100%        9
 Polar Vortex             Ice            20%        N/A       100%        9


Dungeon Overview and Level Annotations

Branches:
Dungeon (15/15)            Temple (0/1) D:6            Lair (6/6) D:8
  Snake (4/4) Lair:3       Spider (4/4) Lair:4        Slime (5/5) Lair:5
    Orc (2/2) D:9             Elf (3/3) Orc:2        Vaults (4/5) D:13
  Crypt (0/3) Vaults:2     Depths (4/4) D:15            Zot (5/5) Depths:4
  Sewer (visited)           IceCv (visited)

Altars:
Cheibriados
Kikubaaqudgha
Qazlal
Ru
Vehumet
Yredelemnul
Beogh
Jiyva

Shops:
D:12 *   Orc:1 ?   Orc:2 *=:*   Elf:1 (   Snake:1 ([   Snake:2 *   Snake:3 !
Vaults:1 (   Depths:1 ?   Depths:2 (?

Portals:
Hell: Depths:1 Depths:2 Depths:4
Pandemonium: Depths:2 Depths:3
Trove: Elf:1 (give 15 scrolls of teleportation)

Annotations:
D:9 exclusion: downstairs
Lair:1 2 transporters
Lair:6 exclusion: obsidian statue
Depths:4 exclusion: 2 upstairs


Innate Abilities, Weirdness & Mutations

You have a pair of large antennae on your head. (SInv)
A powerful demonic guardian rushes to your aid.
When seriously injured, your blood forms thick armour. (AC +9)
Spells you cast and wands you use may paralyse nearby enemies.
Your presence sometimes corrodes those you injure.
You are dopey. (Int -2)
Your spells are a little harder to cast, but a little more powerful.


Message History

Cheibriados appreciates the change of pace.
You feel a bit more experienced.
You hear an explosion!
You return to the normal time flow.
You feel sick.
You hear a roar! x2
You feel sick.
Things that are here:
a +10 club; a Killer Klown skeleton You feel sick.
The yellow draconian spits acid at you. The glob of acid hits you!!
The acid corrodes you!
A white draconian stormcaller comes into view.
It is wielding a +0 long sword.
You feel sick.
The white draconian stormcaller utters an invocation to Qazlal.
The yellow draconian spits acid at you. You block the glob of acid.
The red draconian scorcher roars!
As you read the scroll of fear, it crumbles to dust.
You assume a fearsome visage.
The komodo dragon looks frightened! x2
The wind drake looks frightened!
The yellow draconian looks frightened!
The white draconian stormcaller looks frightened!
The red draconian scorcher looks frightened!
You feel sick.
You are no longer poisoned.
Blink to where?
Press: ? - help, Dir - move target
As you read the scroll of blinking, it crumbles to dust.
The yellow draconian gives up.
The red draconian scorcher casts a spell at you.
The sphere of damnation explodes!
The damnation engulfs you!!!
* * * LOW HITPOINT WARNING * * *
There is a stone staircase leading up here.
The red draconian scorcher points at you and mumbles some strange words.
The sphere of damnation explodes!
The damnation engulfs you!!
* * * LOW HITPOINT WARNING * * *
A demonic guardian appears!
The damnation engulfs your lorocyproca!!!
The yellow draconian annihilator spits acid at you.
The glob of acid hits you!
You die...

#...............#
#....
#####..d..).q.......#
#....
#.........q.....#####
#....
#.).............#
#....
#...^...........#
#....
#.<.)#####......#
#.... ##...# #......#
#.... #...# #......#
#.... #...# #....@2#
#.... #...# ########
#.... ####...# #....
.....q.#########
#....
.............^.#
#....
...............#
#....
.######..{.....####
#.... .#
#...........# #....
.# #..q.####...#
#....


You could see a yellow draconian, a yellow draconian annihilator (catching
breath), a red draconian scorcher (ally target) and a friendly lorocyproca
(summoned, invisible).

Vanquished Creatures
  A dread lich (Zot:5)
  Bai Suzhen (Spider:4)
  A golden dragon (Zot:5)
  A bone dragon (Abyss:2)
  An electric golem (Zot:1)
  2 tentacled monstrosities (Zot:5)
  Asterion (Elf:2)
  A deep elf blademaster (Elf:3)
  3 acid blobs (Slime:5)
  2 deep elf master archers (Elf:3)
  2 Orb Guardians (Zot:5)
  4 death cobs (Zot:1)
  2 tengu reavers (Vaults:3)
  3 sphinxes
  2 tentacled starspawn (Abyss:2)
  3 rockslimes
  2 nagarajas (Snake:4)
  6 storm dragons
  5 fire giants
  9 ghost moths
  3 frost giants
  6 azure jellies
  A vault warden (Vaults:1)
  3 emperor scorpions (Spider:4)
  A cacodemon (Depths:1)
  Aizul (Depths:2)
  2 draconian scorchers
  2 deep elf elementalists
  A balrug (Depths:2)
  6 quicksilver oozes
  5 ironbound preservers
  2 green draconians (Depths:4)
  5 stone giants
  2 broodmothers
  A red draconian (Zot:1)
  9 very ugly things
  5 ironbound thunderhulks
  2 deep elf demonologists
  A black draconian (Zot:2)
  3 yellow draconians
  2 entropy weavers
  4 dire elephants
  2 deep elf annihilators (Elf:3)
  2 white draconians
  2 ettins
  2 spark wasps (Depths:4)
  3 deep elf death magi (Elf:3)
  Snorg (D:11)
  A fire dragon (Depths:1)
  2 eidola
  3 jiangshi
  Harold (D:11)
  9 great orbs of eyes
  2 vault guards
  3 yaktaur captains
  4 naga warriors
  3 hydras
  2 ice dragons
  5 anacondas
  A radroach (Spider:1)
  A rakshasa (D:10)
  Erica (D:11)
  4 ironbound frosthearts
  3 centaur warriors (Vaults:3)
  2 spriggan air magi
  2 dancing weapons
  5 deep troll shamans
  4 death scarabs (Spider:4)
  A death yak (Lair:6)
  A deep troll earth mage (Depths:4)
  A naga sharpshooter (Snake:4)
  A spectral emperor scorpion (Spider:4)
  2 orc high priests
  A soul eater (Depths:2)
  A spectral death yak (Lair:6)
  5 deep elf knights
  3 shock serpents
  3 sixfirhies
  A pharaoh ant (Spider:2)
  A wretched star (Abyss:2)
  2 iron trolls
  4 sea snakes (Snake:4)
  5 steelbarb worms
  An obsidian statue (Depths:1)
  3 orb spiders
  A sun moth (Spider:4)
  3 spectral wolf spiders (Spider:4)
  23 deep trolls
  2 deep elf archers
  4 harpies (Vaults:1)
  8 lindwurms
  7 wizards
  12 deep elf zephyrmancers
  A phantasmal warrior (Vaults:1)
  7 ironbound convokers
  Pikel (D:6)
  2 orc knights (D:10)
  16 ugly things
  14 deep elf pyromancers
  A shining eye (Slime:3)
  3 mana vipers
  2 necromancers
  3 orc sorcerers
  6 wolf spiders
  A cyclops (D:11)
  2 manticores
  A worldbinder (Abyss:2)
  3 salamanders
  A large abomination (Abyss:2)
  11 moths of wrath
  A smoke demon (Depths:1)
  A dire elephant zombie (Lair:6)
  A torpor snail (Spider:3)
  6 naga magi
  13 black mambas
  An eye of devastation (Slime:1)
  6 vault sentinels
  A hellion (Depths:1)
  3 cane toads
  A demonic crawler (Spider:4)
  A rime drake (Lair:2)
  A spectral redback (Spider:4)
  A tormentor (Abyss:2)
  5 komodo dragons
  A freezing wraith (D:10)
  3 yaktaurs
  3 red devils
  2 tengu conjurers
  A hellwing (Depths:2)
  2 trolls
  2 meliai (Spider:3)
  A polar bear (Lair:5)
  A spectral tarantella (Spider:4)
  A spectral jumping spider (Spider:4)
  A jumping spider zombie (Spider:4)
  16 slime creatures
  10 tarantellas
  3 blink frogs
  3 small abominations (Abyss:2)
  2 shadows
  3 air elementals
  20 jumping spiders
  A spriggan (Depths:2)
  9 culicivoras
  A basilisk (Lair:5)
  A water elemental (Elf:2)
  5 yaks
  A wraith (Vaults:2)
  A ynoxinul (Abyss:2)
  2 fire elementals
  2 wyverns
  Grum (D:7)
  33 redbacks
  2 steam dragons
  A death yak simulacrum (Lair:6)
  A two-headed ogre zombie (Abyss:2)
  A warg (D:12)
  11 nagas
  3 acid dragons
  4 water moccasins
  A swamp worm (shapeshifter) (Vaults:3)
  An ice beast (Vaults:1)
  7 orc warriors
  5 black bears
  A hornet zombie (Spider:4)
  3 ogres
  A sky beast (D:7)
  5 centaurs
  4 lemures (D:6)
  8 bullfrogs
  4 earth elementals
  A wyvern zombie (D:7)
  2 scorpions
  A cane toad simulacrum (IceCv)
  A water moccasin zombie (D:5)
  A water moccasin skeleton (D:5)
  5 howler monkeys
  15 wights
  3 electric eels
  15 nameless horrors
  6 centaur zombies
  A jelly (D:5)
  6 orc priests
  12 hounds
  3 gnoll shamans
  A bullfrog skeleton (D:6)
  2 iguanas
  12 orc wizards
  A hell rat (Sewer)
  A hound zombie (D:5)
  2 hound skeletons (D:4)
  Robin (D:2)
  12 gnolls
  3 howler monkey zombies
  4 adders
  2 river rats (Sewer)
  A shadow imp (D:6)
  4 white imps
  2 ufetubi
  An adder zombie (D:4)
  A worm (D:3)
  2 dart slugs
  32 orcs
  4 ball pythons
  10 endoplasms
  7 giant cockroaches
  19 goblins
  11 hobgoblins
  2 jackals (D:4)
  10 quokkas
  8 bats
  3 frilled lizards
  8 kobolds
  11 rats
  2 starspawn tentacles (Abyss:2)
848 creatures vanquished.

Vanquished Creatures (collateral kills)
  the Royal Jelly (Slime:5)
  3 orbs of fire (Zot:5)
  Mara (Spider:4)
  4 Killer Klowns (Zot:5)
  A curse toe (Zot:5)
  6 golden dragons
  Nikola (Spider:4)
  2 tentacled monstrosities
  4 deep elf master archers (Elf:3)
  Rupert (D:15)
  The ghost of Jysajome the Bludgeoner, an adept OgCj of Ashenzari (Lair:4)
  A lich (Vaults:1)
  10 Orb Guardians (Zot:5)
  The ghost of flotson the Warrior, an adept DsGl of Gozag (Snake:3)
  2 quicksilver dragons
  3 death cobs
  3 deep elf blademasters (Elf:3)
  6 acid blobs
  6 eldritch tentacles
  Frances (D:14)
  2 tengu reavers
  Donald (Elf:2)
  5 storm dragons
  8 azure jellies (Slime:5)
  A shadow dragon (Zot:5)
  7 rockslimes
  2 draconian monks
  5 nagarajas (Snake:4)
  A draconian knight (Zot:5)
  2 frost giants
  3 ghost moths
  4 emperor scorpions
  4 deep elf sorcerers
  A fire giant (Depths:4)
  2 draconian scorchers (Zot:5)
  An orc warlord (Orc:1)
  2 deep elf elementalists
  5 vault wardens
  A draconian shifter (Zot:2)
  A draconian annihilator (Zot:5)
  2 broodmothers (Spider:4)
  3 reapers
  2 spriggan defenders (Depths:2)
  2 stone giants (Depths:2)
  7 very ugly things
  4 quicksilver oozes
  2 green draconians
  4 ironbound thunderhulks
  13 ironbound preservers
  8 dire elephants
  A vampire knight (Vaults:2)
  8 entropy weavers
  3 yellow draconians
  3 white draconians
  4 red draconians
  4 deep elf annihilators
  2 black draconians (Depths:4)
  5 purple draconians
  2 deep elf death magi (Elf:3)
  A crystal guardian (Vaults:1)
  An ettin (Depths:1)
  Josephine (D:11)
  2 deep elf high priests (Elf:3)
  5 vault guards
  Erolcha (D:11)
  3 yaktaur captains (Vaults:1)
  8 naga warriors
  3 ice dragons
  4 great orbs of eyes
  4 hydras
  A salamander tyrant (Snake:3)
  A peacekeeper (Vaults:1)
  A rakshasa (Depths:2)
  A boulder beetle (Vaults:3)
  2 spriggan air magi
  4 ironbound frosthearts
  4 anacondas
  A fenstrider witch skeleton (Abyss:2)
  An alligator (Lair:4)
  3 death yaks (Lair:6)
  A two-headed ogre (shapeshifter) (Elf:2)
  5 centaur warriors
  4 death scarabs (Spider:4)
  5 deep troll earth magi
  3 tengu warriors
  3 deep troll shamans
  A shock serpent (Snake:1)
  27 dancing weapons
  A soul eater (Depths:1)
  4 spriggan berserkers
  12 deep elf knights
  Urug (Lair:1)
  2 orc high priests
  6 hell knights (Depths:4)
  6 naga sharpshooters
  Sonja (Lair:3)
  4 iron trolls
  A spectral death yak (Lair:6)
  A sun moth (Spider:3)
  3 pharaoh ants
  3 sixfirhies (Depths:1)
  2 spriggans (Depths:1)
  3 sea snakes (Snake:4)
  45 deep trolls
  3 salamander mystics
  3 flayed ghosts
  3 orb spiders
  A spectral anaconda (Lair:6)
  10 ironbound convokers
  4 naga ritualists
  A harpy (Vaults:1)
  4 wizards
  A spectral wolf spider (Spider:4)
  3 deep elf archers (Elf:2)
  A phantasmal warrior (Vaults:4)
  2 orc knights
  21 deep elf pyromancers
  17 deep elf zephyrmancers
  7 necromancers
  5 orc sorcerers
  2 mana vipers
  2 stone giant zombies (Vaults:1)
  A wolf spider zombie (Spider:4)
  32 ugly things
  10 salamanders
  12 wolf spiders
  4 shining eyes
  A manticore (D:14)
  3 cyclopes
  3 moths of wrath
  11 elephants
  A dire elephant zombie (Lair:6)
  8 guardian serpents
  2 ice statues (IceCv)
  16 black mambas
  5 vault sentinels
  Joseph (D:10)
  An orange demon (Abyss:2)
  14 naga magi
  Maggie (Lair:2)
  A smoke demon (Depths:1)
  3 torpor snails
  12 cane toads
  4 komodo dragons
  A centaur skeleton (D:15)
  2 kobold demonologists (D:12)
  A rime drake (Lair:6)
  A komodo dragon (shapeshifter) (Elf:2)
  14 yaktaurs
  5 demonic crawlers
  2 tengu conjurers
  An entropy weaver simulacrum (IceCv)
  5 spectral redbacks (Spider:4)
  An efreet (Abyss:2)
  5 ice devils (IceCv)
  2 red devils (Abyss:2)
  2 ancient zymes (Abyss:2)
  22 tarantellas
  A troll (Orc:2)
  4 meliai (Spider:3)
  3 hornets
  48 slime creatures
  A polar bear (Lair:6)
  4 nameless horrors
  3 spectral jumping spiders (Spider:4)
  A harpy skeleton (D:15)
  A raiju (shapeshifter) (D:14)
  2 jumping spider zombies (Spider:4)
  3 spectral tarantellas (Spider:4)
  16 dream sheep (Lair:6)
  A jumping spider (shapeshifter) (D:15)
  15 blink frogs
  A meliai zombie (D:11)
  18 jumping spiders
  A ynoxinul (Depths:1)
  19 culicivoras
  A shadow (D:13)
  An air elemental (Elf:2)
  5 wraiths
  3 dire elephant simulacra
  18 yaks
  8 golden eyes
  2 neqoxecs (Depths:1)
  2 basilisks
  A chaos spawn (Depths:1)
  40 redbacks
  2 death yak simulacra
  A warg (Orc:1)
  29 nagas
  2 acid dragons (D:10)
  A harpy simulacrum (IceCv)
  11 water moccasins
  A hornet zombie (D:15)
  A spectral hornet (Spider:4)
  26 orc warriors
  An ice beast (Vaults:1)
  A sky beast (Abyss:2)
  A black bear (Lair:3)
  8 wolves
  6 ogres
  A human zombie (Vaults:1)
  11 centaurs
  A snapping turtle skeleton (Abyss:2)
  4 boggarts
  5 kobold brigands
  4 small abominations (Abyss:2)
  4 bullfrogs
  3 earth elementals
  3 cane toad simulacra (Lair:6)
  4 two-headed ogre simulacra (IceCv)
  2 elephant simulacra
  8 centaur zombies
  13 orc priests
  An iguana (D:6)
  27 orc wizards
  A polar bear simulacrum (IceCv)
  2 spriggan simulacra (IceCv)
  2 gnolls (D:10)
  13 white imps
  4 ufetubi (IceCv)
  42 orcs
  3 kobolds (D:12)
  A bush (Elf:1)
1164 creatures vanquished.

Vanquished Creatures (others)
  88 eldritch tentacles
  An entropy weaver (Spider:2)
  A yellow draconian (Zot:2)
  A spriggan berserker (Depths:2)
  A wizard (D:10)
  A bush (Abyss:2)
  A butterfly (D:7)
  47 fulminant prisms
  61 fungi
  70 plants
  44 snaplasher vines
  A starspawn tentacle (Abyss:2)
  5 toadstools (Depths:4)
  26 withered plants
348 creatures vanquished.

Grand Total: 2360 creatures vanquished

Notes
Turn   | Place    | Note
-------+----------+-------------------------------------------
     0 | D:1      | freelancePsychic the Demonspawn Conjurer began the quest
                  | for the Orb.
     0 | D:1      | Reached XP level 1. HP: 13/13 MP: 3/3
   549 | D:1      | Gained mutation: When seriously injured, your blood forms
                  | armour. (AC +9) [demonic ancestry]
   549 | D:1      | Reached XP level 2. HP: 19/19 MP: 3/5
   948 | D:1      | Learned a level 2 spell: Searing Ray
   964 | D:1      | Found a faded altar of an unknown god.
  1365 | D:1      | Reached XP level 3. HP: 24/24 MP: 7/7
  1599 | D:2      | Noticed Robin
  1616 | D:2      | Killed Robin
  1682 | D:2      | Reached skill level 1 in Hexes
  1763 | D:2      | Gained mutation: You have a pair of small antennae on your
                  | head. [demonic ancestry]
  1763 | D:2      | Reached XP level 4. HP: 27/30 MP: 1/8
  2351 | D:2      | Found a stormy altar of Qazlal.
  3141 | D:4      | Noticed a black bear
  3158 | D:3      | Killed a black bear
  3159 | D:3      | Reached skill level 5 in Conjurations
  3159 | D:3      | Reached XP level 5. HP: 35/35 MP: 5/10
  3206 | D:3      | Learned a level 4 spell: Fulminant Prism
  3552 | D:4      | Reached skill level 1 in Fighting
  3552 | D:4      | Gained mutation: A weak demonic guardian rushes to your
                  | aid. [demonic ancestry]
  3552 | D:4      | Reached XP level 6. HP: 20/43 MP: 2/11
  4194 | D:5      | Entered Level 5 of the Dungeon
  4460 | D:5      | Reached XP level 7. HP: 38/50 MP: 4/13
  4607 | D:5      | Found a basalt altar of Yredelemnul.
  4608 | D:5      | Found a stormy altar of Qazlal.
  4608 | D:5      | Found a snail-covered altar of Cheibriados.
  4609 | D:5      | Found an ancient bone altar of Kikubaaqudgha.
  4620 | D:5      | Became a worshipper of Cheibriados the Contemplative
  5434 | D:6      | Noticed a wyvern
  5553 | D:5      | Killed a wyvern
  5863 | D:6      | Reached * piety under Cheibriados
  5920 | D:6      | Gained mutation: A demonic guardian rushes to your aid.
                  | [demonic ancestry]
  5920 | D:6      | Reached XP level 8. HP: 48/58 MP: 10/15
  5931 | D:6      | Found a glowing drain.
  5966 | Sewer    | Entered a sewer
  6077 | Sewer    | Identified the +8 hand axe of the Toadstool {vorpal, *Noise
                  | Int+3 Dex+9}
  6147 | D:6      | Reached ** piety under Cheibriados
  6194 | D:6      | Reached skill level 5 in Spellcasting
  6458 | D:6      | Found a staircase to the Ecumenical Temple.
  6545 | D:6      | Identified the +7 spear of the Chickpea {venom, *Corrode
                  | rC+ rN++ Str+2}
  6817 | D:6      | Noticed Pikel
  6903 | D:6      | Killed Pikel
  6904 | D:6      | Reached skill level 1 in Translocations
  7434 | D:7      | Reached XP level 9. HP: 52/67 MP: 9/16
  7578 | D:7      | Reached skill level 5 in Fighting
  8062 | D:7      | Reached skill level 1 in Shields
  8069 | D:7      | Reached *** piety under Cheibriados
  8269 | D:7      | Noticed Grum
  8277 | D:7      | Killed Grum
  8278 | D:7      | Reached skill level 5 in Dodging
  8621 | D:8      | Found the +8 trident of the Octopus King {venom, rElec
                  | rPois}
  8813 | D:8      | Reached skill level 1 in Summonings
  8818 | D:8      | Noticed a komodo dragon
  8826 | D:8      | Killed a komodo dragon
  9014 | D:8      | Gained mutation: You have a pair of antennae on your head.
                  | [demonic ancestry]
  9014 | D:8      | Reached XP level 10. HP: 65/77 MP: 15/17
  9316 | D:8      | Found a staircase to the Lair.
  9598 | D:9      | Found a staircase to the Orcish Mines.
  9603 | D:9      | Reached **** piety under Cheibriados
 10342 | D:9      | Identified the +0 acid dragon scales "Foucli Tuthra" {rCorr
                  | Dex+7}
 10380 | D:9      | You fall into a shaft and drop 2 floors!
 10380 | D:11     | Noticed Erica
 10386 | D:11     | Killed Erica
 10614 | D:11     | Reached skill level 5 in Translocations
 10620 | D:11     | Learned a level 5 spell: Summon Forest
 10707 | D:11     | Found a basalt altar of Yredelemnul.
 10721 | D:11     | Reached skill level 5 in Summonings
 10821 | D:11     | Noticed Erolcha
 10822 | D:11     | Gained mutation: Spells you cast may paralyse adjacent
                  | enemies. [demonic ancestry]
 10822 | D:11     | Reached XP level 11. HP: 56/86 MP: 13/18
 10825 | D:11     | Killed Erolcha
 11081 | D:11     | Reached ***** piety under Cheibriados
 11493 | D:11     | Noticed Josephine
 11640 | D:11     | Noticed Snorg
 11647 | D:11     | Killed Snorg
 11906 | D:10     | Entered Level 10 of the Dungeon
 12100 | D:10     | Noticed a rakshasa
 12114 | D:10     | Killed a rakshasa
 12148 | D:10     | Noticed a deep elf pyromancer
 12153 | D:10     | Killed a deep elf pyromancer
 12154 | D:10     | Noticed a wizard
 12175 | D:10     | Killed a wizard
 12274 | D:10     | Identified the +7 shortbow of Ointment {freeze, rCorr}
 12274 | D:10     | Noticed an orc knight
 12719 | D:10     | Noticed an orc knight
 12728 | D:10     | Killed an orc knight
 12834 | D:10     | Killed an orc knight
 13119 | D:10     | Noticed Joseph
 13144 | D:10     | Killed Joseph
 13145 | D:10     | Reached skill level 10 in Fighting
 13530 | D:10     | Learned a level 6 spell: Summon Cactus Giant
 13594 | D:11     | Gained mutation: A powerful demonic guardian rushes to your
                  | aid. [demonic ancestry]
 13594 | D:11     | Reached XP level 12. HP: 97/97 MP: 14/22
 13705 | D:11     | Noticed Harold
 13721 | D:11     | Killed Harold
 13748 | D:11     | Killed Josephine
 14339 | Lair:1   | Entered Level 1 of the Lair of Beasts
 14349 | Lair:1   | Found a transporter.
 14526 | Lair:1   | Found a transporter.
 14613 | Lair:1   | Upgraded the game from 0.28-a0-1347-g113dc556a4 to
                  | 0.28-a0-1356-g2ad6d04315
 14990 | Lair:1   | Noticed Urug
 14999 | Lair:1   | Killed Urug
 15828 | Lair:2   | Reached skill level 10 in Summonings
 15860 | Lair:2   | Reached ****** piety under Cheibriados
 16083 | Lair:2   | Noticed Maggie
 16089 | Lair:2   | Killed Maggie
 16538 | Lair:3   | Found a frozen archway.
 16584 | IceCv    | Entered an ice cave
 16653 | IceCv    | Gained mutation: Spells you cast may paralyse nearby
                  | enemies. [demonic ancestry]
 16653 | IceCv    | Reached XP level 13. HP: 104/104 MP: 15/24
 16847 | IceCv    | Learned a level 7 spell: Summon Hydra
 16880 | IceCv    | Noticed a nameless horror
 16886 | IceCv    | Killed a nameless horror
 17183 | IceCv    | Identified the +1 pair of boots of Inviolability {Regen+
                  | Str+4}
 17367 | IceCv    | Noticed a reaper
 17372 | IceCv    | Killed a reaper
 17633 | Lair:3   | Noticed Sonja
 17638 | Lair:3   | Killed Sonja
 17716 | Lair:3   | Identified the +9 halberd "Cabriun" {spect, rN+ Dex+6}
 17826 | Lair:3   | Found a staircase to the Snake Pit.
 18719 | Lair:4   | Found a hole to the Spider Nest.
 18781 | Lair:4   | Found a transporter.
 18782 | Lair:4   | Noticed Jysajome's ghost (adept OgCj)
 18794 | Lair:4   | Found a transporter.
 18812 | Lair:4   | Killed Jysajome's ghost
 19890 | Lair:5   | Reached skill level 1 in Short Blades
 20039 | Lair:5   | Found a viscous altar of Jiyva.
 20039 | Lair:5   | Found a staircase to the Slime Pits.
 20447 | Lair:6   | Entered Level 6 of the Lair of Beasts
 20687 | Lair:6   | Reached XP level 14. HP: 101/111 MP: 15/27
 20693 | Lair:6   | Reached skill level 10 in Spellcasting
 21408 | Lair:6   | HP: 3/105 [necromancer/bolt of negative energy (38)]
 21600 | Lair:6   | Identified the +7 dagger of Peril {venom, Int+4}
 22250 | Lair:6   | Identified the +11 whip "Bicupap" {flame, +Blink rC+}
 22611 | Orc:1    | Entered Level 1 of the Orcish Mines
 22641 | Orc:1    | Learned a level 7 spell: Monstrous Menagerie
 23116 | Orc:1    | Noticed an orc warlord
 23170 | Orc:1    | Found Qulirej's Magic Scroll Shop.
 23355 | Orc:1    | Bought a scroll of immolation for 49 gold pieces
 23370 | Orc:1    | Killed an orc warlord
 23773 | Orc:2    | Entered Level 2 of the Orcish Mines
 24860 | Orc:2    | Found Lukoitse's General Store.
 24860 | Orc:2    | Found Tereody's Book Boutique.
 24866 | Orc:2    | Found Cumuen's Assorted Antiques.
 24872 | Orc:2    | Found Ysiefap's Jewellery Shop.
 24917 | Orc:2    | Bought a scroll of magic mapping for 84 gold pieces
 24917 | Orc:2    | Bought a scroll of teleportation for 72 gold pieces
 24918 | Orc:2    | Bought a book of Power for 672 gold pieces
 24920 | Orc:2    | Bought an amulet of magic regeneration for 300 gold pieces
 25260 | Orc:2    | Found a staircase to the Elven Halls.
 25585 | D:12     | Gained mutation: When seriously injured, your blood forms
                  | thick armour. (AC +9) [demonic ancestry]
 25585 | D:12     | Reached XP level 15. HP: 119/119 MP: 21/30
 25616 | D:12     | Identified a scroll of acquirement
 25675 | D:12     | Reached skill level 1 in Earth Magic
 25699 | D:12     | Found Suoli's Assorted Antiques.
 25707 | D:12     | Bought a scroll of blinking for 217 gold pieces
 25707 | D:12     | Bought a scroll of teleportation for 87 gold pieces
 25740 | D:12     | Bought a scroll of amnesia for 101 gold pieces
 25741 | D:12     | Acquired 928 gold pieces
 26685 | D:13     | Found a gate to the Vaults.
 26791 | D:13     | Identified the +2 leather armour of Sloth {Str+2}
 27193 | D:14     | Noticed Frances
 27200 | D:14     | Killed Frances
 27666 | D:14     | Found a stormy altar of Qazlal.
 27771 | D:14     | Learned a level 6 spell: Iron Shot
 27781 | D:15     | Entered Level 15 of the Dungeon
 27903 | D:15     | Noticed Rupert
 28046 | D:15     | Found a staircase to the Depths.
 28153 | D:15     | Acquired a staff of earth
 28240 | D:15     | Killed Rupert
 28456 | Snake:1  | Entered Level 1 of the Snake Pit
 28761 | Snake:1  | Reached skill level 10 in Conjurations
 28862 | Snake:1  | Found Seceim's Armour Shoppe.
 28862 | Snake:1  | Found Dexuz's Weapon Emporium.
 28969 | Snake:1  | Reached skill level 5 in Earth Magic
 29410 | Snake:2  | Reached XP level 16. HP: 93/129 MP: 17/32
 29702 | Snake:2  | Found Peamin's Assorted Antiques.
 29733 | Snake:2  | Bought a potion of heal wounds for 115 gold pieces
 29733 | Snake:2  | Bought a potion of curing for 69 gold pieces
 30392 | Snake:3  | Found Pearr's Distillery.
 30402 | Snake:3  | Bought a potion of resistance for 100 gold pieces
 30402 | Snake:3  | Bought a potion of berserk rage for 50 gold pieces
 30402 | Snake:3  | Bought 2 potions of heal wounds for 100 gold pieces
 30402 | Snake:3  | Bought a potion of ambrosia for 80 gold pieces
 30446 | Snake:3  | Found a transporter.
 30449 | Snake:3  | Noticed flotson's ghost (adept DsGl)
 30450 | Snake:3  | Found a transporter.
 30574 | Snake:3  | Learned a level 7 spell: Spellforged Servitor
 31613 | Snake:3  | Killed flotson's ghost
 31715 | Snake:4  | Entered Level 4 of the Snake Pit
 33279 | Snake:4  | Gained mutation: You have a pair of large antennae on your
                  | head. (SInv) [demonic ancestry]
 33279 | Snake:4  | Reached XP level 17. HP: 130/139 MP: 14/34
 33513 | Snake:4  | Got a serpentine rune of Zot
 33689 | Spider:1 | Entered Level 1 of the Spider Nest
 34218 | Spider:1 | Reached skill level 10 in Dodging
 35609 | Spider:2 | Reached skill level 15 in Fighting
 36616 | Spider:3 | Reached skill level 10 in Earth Magic
 37141 | Spider:4 | Entered Level 4 of the Spider Nest
 37146 | Spider:4 | Reached XP level 18. HP: 149/149 MP: 27/36
 37481 | Spider:4 | Noticed Bai Suzhen
 37505 | Spider:4 | Killed Bai Suzhen
 38036 | Spider:4 | Noticed Nikola
 38047 | Spider:4 | Killed Nikola
 38187 | Spider:4 | Reached skill level 1 in Armour
 38248 | Spider:4 | Got the Incunabulum of Flying Ice
 38727 | Spider:4 | Noticed Mara
 38731 | Spider:4 | Noticed freelancePsychic's illusion
 38734 | Spider:4 | Killed Mara
 38973 | Spider:4 | Got a gossamer rune of Zot
 39304 | Elf:1    | Entered Level 1 of the Elven Halls
 39312 | Elf:1    | Reached skill level 5 in Armour
 39442 | Elf:1    | Found Siryed's Antique Weapon Emporium.
 39705 | Elf:1    | Paralysed by an air elemental for 1 turns
 39863 | Elf:1    | Noticed a Hell Sentinel
 39863 | Elf:1    | Cast into level 2 of the Abyss (a deep elf demonologist)
 39863 | Abyss:2  | Found a corrupted altar of Lugonu.
 40029 | Abyss:2  | Reached XP level 19. HP: 151/155 MP: 15/37
 40157 | Abyss:2  | Reached skill level 1 in Invocations
 40247 | Abyss:2  | Noticed a bone dragon
 40268 | Abyss:2  | Killed a bone dragon
 40514 | Elf:1    | Escaped the Abyss
 40630 | Elf:1    | Reached skill level 5 in Stealth
 40779 | Elf:1    | Found a portal to a secret trove of treasure.
 40931 | Elf:2    | Reached skill level 5 in Short Blades
 41151 | Elf:2    | Paralysed by an air elemental for 1 turns
 41320 | Elf:2    | Found a runed translucent gate.
 41344 | Elf:2    | Found a runed translucent gate.
 41346 | Elf:2    | Found a runed translucent gate.
 41350 | Elf:2    | Noticed Donald
 41634 | Elf:2    | Noticed Asterion
 41643 | Elf:2    | Killed Asterion
 41644 | Elf:2    | Reached skill level 5 in Invocations
 41820 | Elf:2    | Killed Donald
 42432 | Elf:3    | Entered Level 3 of the Elven Halls
 42447 | Elf:3    | Paralysed by an air elemental for 1 turns
 42452 | Elf:3    | Paralysed by an air elemental for 1 turns
 42465 | Elf:3    | Found a flickering gateway to a bazaar.
 42480 | Bazaar   | Entered a bazaar
 42489 | Bazaar   | Found Piyb's Antique Weapon Emporium.
 42502 | Bazaar   | Found Vuupuedd's Antique Weapon Shoppe.
 42519 | Bazaar   | Found Doesaus's Antique Armour Shoppe.
 42530 | Bazaar   | Found Piwkemp's Antique Armour Emporium.
 42561 | Bazaar   | Bought an ichor-stained short sword for 168 gold pieces
 42561 | Bazaar   | Identified the +6 short sword of Dishonour {freeze, rPois}
                  | (You bought it in a shop in a bazaar)
 42575 | Bazaar   | Bought a shiny orb for 408 gold pieces
 42645 | Elf:3    | Found a radiant altar of Vehumet.
 42732 | Elf:3    | Reached skill level 5 in Shields
 42969 | Elf:3    | Paralysed by an air elemental for 1 turns
 43880 | Elf:3    | Identified the +7 long sword of Tension {spect, rElec Int+4
                  | Dex+2}
 44158 | Elf:3    | Reached XP level 20. HP: 162/162 MP: 22/38
 44450 | Elf:3    | Reached skill level 15 in Earth Magic
 44541 | Elf:3    | Got the Almanac of the Unemployed Unperson
 44558 | Elf:3    | Learned a level 7 spell: Malign Gateway
 44860 | Vaults:1 | Entered Level 1 of the Vaults
 45420 | Vaults:1 | Learned a level 8 spell: Lehudib's Crystal Spear
 45695 | Vaults:1 | Found Ijoumaat's Antique Weapon Shop.
 47157 | Vaults:2 | Gained mutation: Your presence sometimes corrodes those you
                  | injure. [demonic ancestry]
 47157 | Vaults:2 | Reached XP level 21. HP: 168/168 MP: 23/39
 47490 | Vaults:2 | Identified the +6 dagger of the Muttering Saviour {elec,
                  | *Noise rElec rPois Str+2}
 47801 | Vaults:2 | Found a staircase to the Crypt.
 47873 | Vaults:3 | Reached skill level 15 in Spellcasting
 47968 | Vaults:3 | Found a flickering gateway to a bazaar.
 47980 | Bazaar   | Entered a bazaar
 47980 | Bazaar   | Found Vehoh's Jewellery Shop.
 47980 | Bazaar   | Found Nurpheta's Book Shop.
 47997 | Bazaar   | Found Sutil's Assorted Antiques.
 48010 | Bazaar   | Found Wocs's Distillery.
 48044 | Bazaar   | Found Zoetomow's Assorted Antiques.
 48073 | Bazaar   | Bought a scroll of acquirement for 1092 gold pieces
 48073 | Bazaar   | Bought 3 scrolls labelled WEOSCH UCI HOF for 63 gold pieces
 48073 | Bazaar   | Acquired 1092 gold pieces
 48075 | Bazaar   | Bought an ichor-stained robe for 119 gold pieces
 48075 | Bazaar   | Identified the +2 robe of Dogma {Rampage +Blink rElec
                  | Int+2} (You bought it in a shop in a bazaar)
 48078 | Bazaar   | Bought a scroll of amnesia for 73 gold pieces
 48078 | Bazaar   | Bought a wand of digging (2) for 168 gold pieces
 48089 | Bazaar   | Bought a potion of cancellation for 152 gold pieces
 48089 | Bazaar   | Bought a potion of curing for 57 gold pieces
 48089 | Bazaar   | Bought a potion of curing for 57 gold pieces
 48089 | Bazaar   | Bought 2 potions of curing for 114 gold pieces
 48121 | Bazaar   | Bought 2 scrolls of fear for 210 gold pieces
 48121 | Bazaar   | Bought a scroll of amnesia for 105 gold pieces
 48121 | Bazaar   | Bought a scroll of amnesia for 105 gold pieces
 48241 | Vaults:3 | Reached skill level 15 in Summonings
 48244 | Vaults:3 | Reached skill level 10 in Shields
 48511 | Vaults:3 | You fall into a shaft and drop 1 floor!
 49004 | Vaults:4 | Reached skill level 10 in Translocations
 49945 | Vaults:3 | Found the +8 frozen axe "Frostbite" {freezing cloud, *Noise
                  | Fly rC+}
 50991 | Depths:1 | Entered Level 1 of the Depths
 51200 | Depths:1 | Found a radiant altar of Vehumet.
 51511 | Depths:1 | Found Axyb's Magic Scroll Boutique.
 51520 | Depths:1 | Bought a scroll of blinking for 105 gold pieces
 51520 | Depths:1 | Bought a scroll of blinking for 105 gold pieces
 51520 | Depths:1 | Bought a scroll of magic mapping for 49 gold pieces
 51520 | Depths:1 | Bought a scroll of magic mapping for 49 gold pieces
 51735 | Depths:1 | Gained mutation: Spells you cast and wands you use may
                  | paralyse nearby enemies. [demonic ancestry]
 51735 | Depths:1 | Reached XP level 22. HP: 163/175 MP: 8/41
 51826 | Depths:1 | Found a gateway to Hell.
 52377 | Depths:2 | Paralysed by a sphinx for 7 turns
 52541 | Depths:2 | You fall into a shaft and drop 2 floors!
 52541 | Depths:4 | Entered Level 4 of the Depths
 52755 | Depths:3 | Noticed a caustic shrike
 52755 | Depths:3 | Noticed a caustic shrike
 52755 | Depths:3 | Noticed a caustic shrike
 52755 | Depths:3 | Noticed a caustic shrike
 52755 | Depths:3 | Noticed a caustic shrike
 53143 | Depths:4 | Found a gate to the Realm of Zot.
 53143 | Depths:4 | Noticed a golden dragon
 53152 | Depths:4 | Killed a golden dragon
 53380 | Depths:4 | Noticed a golden dragon
 53388 | Depths:4 | Killed a golden dragon
 53551 | Depths:4 | Found a sacrificial altar of Ru.
 53970 | Depths:4 | Noticed a golden dragon
 53981 | Depths:4 | Killed a golden dragon
 54376 | Depths:3 | Found a one-way gate leading to the halls of Pandemonium.
 54574 | Depths:2 | Noticed Aizul
 54583 | Depths:2 | Killed Aizul
 54733 | Depths:2 | Found Nyerer's Magic Scroll Emporium.
 54741 | Depths:2 | Bought a scroll of acquirement for 988 gold pieces
 54741 | Depths:2 | Acquired the +3 kite shield "Ruineves" {Str+6 Slay+2}
 54742 | Depths:2 | Bought a scroll of acquirement for 988 gold pieces
 54742 | Depths:2 | Acquired 945 gold pieces
 54744 | Depths:2 | Bought a scroll of acquirement for 988 gold pieces
 54744 | Depths:2 | Acquired the +0 tower shield of Afeby {rF++}
 55059 | Depths:2 | Paralysed by a great orb of eyes for 4 turns
 55174 | Depths:2 | Reached skill level 15 in Shields
 55746 | Depths:2 | Found Wizit's Weapon Shoppe.
 56452 | Slime:1  | Entered Level 1 of the Pits of Slime
 56564 | Slime:3  | Gained mutation: Your spells are a little easier to cast,
                  | but a little less powerful. [a shining eye]
 56568 | Slime:3  | Lost mutation: Your spells are a little easier to cast, but
                  | a little less powerful. [potion of mutation]
 56568 | Slime:3  | Gained mutation: Your spells are a little harder to cast,
                  | but a little more powerful. [potion of mutation]
 56568 | Slime:3  | Gained mutation: You are dopey. (Int -2) [potion of
                  | mutation]
 56673 | Slime:4  | Reached XP level 23. HP: 181/181 MP: 21/42
 56714 | Slime:5  | Entered Level 5 of the Pits of Slime
 57021 | Slime:5  | Found a viscous altar of Jiyva.
 57024 | Slime:5  | Noticed the Royal Jelly
 57039 | Slime:5  | Killed the Royal Jelly
 57355 | Slime:5  | Found the amulet of the Air {Inacc Air Fly rElec RMsl}
 57395 | Slime:5  | Identified the +6 scale mail of Defiance {rN++ Str-4 Dex+4
                  | Stlth+}
 57441 | Slime:5  | Got a slimy rune of Zot
 57444 | Slime:5  | Identified the +0 scale mail of Wu Jian's Wrath {Int+7}
 58224 | Zot:1    | Entered Level 1 of the Realm of Zot
 59345 | Zot:5    | Entered Level 5 of the Realm of Zot
 59726 | Zot:5    | Noticed a curse toe
 59734 | Zot:5    | Killed a curse toe
 59985 | Zot:5    | Reached skill level 10 in Invocations
 60123 | Zot:5    | Noticed a dread lich
 60125 | Zot:5    | Noticed a Killer Klown
 60131 | Zot:5    | Killed a dread lich
 60138 | Zot:5    | Noticed an orb of fire
 60139 | Zot:5    | Reached XP level 24. HP: 119/195 MP: 13/42
 60140 | Zot:5    | Killed an orb of fire
 60141 | Zot:5    | Noticed an orb of fire
 60144 | Zot:5    | Killed an orb of fire
 60148 | Zot:5    | Noticed a Killer Klown
 60150 | Zot:5    | Noticed a Killer Klown
 60155 | Zot:5    | Killed a Killer Klown
 60158 | Zot:5    | Noticed an orb of fire
 60161 | Zot:5    | Killed an orb of fire
 60164 | Zot:5    | Killed a Killer Klown
 60166 | Zot:5    | Noticed a Killer Klown
 60169 | Zot:5    | Killed a Killer Klown
 60180 | Zot:5    | Killed a Killer Klown
 60198 | Zot:5    | HP: 7/197 [red draconian scorcher/damnation (35)]
 60198 | Zot:5    | Killed from afar by a yellow draconian annihilator

Illustrated notes

Levels and vault maps discovered:
D:1:      dpeg_arrival_morbid_curiosity, layout_loops_ring,
          ebering_ecumenical_altar_hall
D:2:      layout_rooms, basic_altar, interstate_on_off, uniq_robin
D:3:      layout_loops_ring
D:4:      layout_rooms, serial_undead, serial_undead_e, serial_undead_b,
          serial_undead_f, serial_undead_b
D:5:      layout_loops_ring, chequers_temple_overflow_statue_of_worship
D:6:      layout_rooms, minmay_temple_entry_butterflies, gup_sewer_entry_pipe,
          uniq_pikel
D:7:      layout_cave_pools, serial_gnoll_camp, grums_kennel,
          gnoll_camp_mini_hut, gnoll_camp_mini_hut, gnoll_camp_mini_house,
          gnoll_camp_mini_hut, gnoll_camp_mini_basic, kennysheep_donut,
          wad_woods_river_04, fountainhead
D:8:      layout_rooms, grunt_lair_entry_orc_guard_hut
D:9:      layout_loops_ring, david_orc_2, hangedman_decor_growths,
          minmay_misc_feat_encased, serial_bayou_lagoon_a
D:10:     minmay_blocky_corners, layout_irregular_city, uniq_joseph
D:11:     layout_roguey, nicolae_yredelemnul_corpse_copse, uniq_erica,
          uniq_snorg, uniq_grum, uniq_josephine, uniq_erolcha, uniq_harold
D:12:     layout_roguey, serial_shops, nicolae_shop_statue_plus,
          serial_aquarium, aquarium_bridge_island_small
          [aquarium_subvault_small_open, aquarium_subvault_bridge,
          aquarium_subvault_wall, aquarium_subvault_bridge,
          aquarium_subvault_wall], aquarium_window_2, aquarium_window_1,
          aquarium_window_1, aquarium_view_2c, aquarium_view_2d
D:13:     layout_long_grid, hangedman_vaults_entry_quadrant_bands
D:14:     layout_basic, nicolae_qazlal_scattered_showers, uniq_frances
D:15:     grunt_enter_depths_magical_seal, layout_cross, uniq_rupert
Lair:1:   gammafunk_worm_tunnel, layout_cave_pods, uniq_urug
Lair:2:   layout_cave_shapes, grunt_megastairs_5, uniq_maggie
Lair:3:   layout_regular_city, guppyfry_snake_entry_island,
          portal_ice_cave_entry_imps, uniq_sonja
Lair:4:   layout_misc_corridors, spider_nest_entry_rubble,
          gammafunk_ghost_arena, st_stairs_8, grunt_forest_small_clearings
Lair:5:   layout_small_grid, slime_altar_1, infiniplex_staircase_pool
Lair:6:   due_jungle_book, layout_cave_shapes, grunt_megastairs_4
Snake:1:  layout_misc_corridors, grunt_megastairs_1, minmay_shoptagon
Snake:2:  layout_gridlike, serial_shops, nicolae_square_shop,
          grunt_ministairs_13
Snake:3:  layout_chambers, gammafunk_ghost_arena, serial_shops, shop
Snake:4:  grunt_snake_rune_pools, layout_onion, nicolae_snake_round_shape_thing,
          nicolae_snake_squiggles, nicolae_snake_slithery_hallway
Spider:1: layout_spider_delve
Spider:2: layout_chambers, hangedman_spider_tarantella_strand,
          nicolae_spider_cling_halls
Spider:3: layout_cave_pods, nicolae_spider_claw_tunnel
Spider:4: floodkiller_spider_rune_tomb, uniq_nikola, uniq_bai_suzhen, uniq_mara
Slime:1:  layout_caves
Slime:2:  layout_caves
Slime:3:  layout_caves
Slime:4:  layout_caves, basic_altar
Slime:5
Orc:1:    layout_caves, serial_shops, shop, basic_altar, nicolae_orc_lost_temple
Orc:2:    st_orc_mages, layout_caves, nicolae_orc_sculptors_studio
Elf:1:    minmay_elf_arrival_summoners, layout_geoelf_octagon, enter_trove_3,
          serial_shops, shop, minmay_elf_sorcery
Elf:2:    nicolae_elf_blades_splatter_lattice
          [nicolae_blade_entry_diamond_columns], layout_geoelf_octagon,
          uniq_asterion, uniq_donald
Elf:3:    minmay_elf_hall, layout_geoelf_castle, basic_altar, serial_shops,
          bzr_entry_islet
Vaults:1: vaults_room_corners, nicolae_vaults_border_crossing,
          nicolae_vaults_what_the_h, nicolae_vaults_little_squares_3,
          grunt_vaults_focal, v_rooms_4, nicolae_vaults_sealed_display,
          vaults_room_door_hall, nicolae_vaults_octagons, serial_ice_h,
          hangedman_vaults_stretched_pinwheel, ontoclasm_vaults_gateway,
          layout_vaults_omnicross, serial_shops, nicolae_shop_waterfront
Vaults:2: minmay_crypt_entry_simple_walls, vaults_dpeg_encased_lava,
          vaults_room_ringed_pool, v_pattern_4, vaults_mumra_hexcomb,
          vaults_room_pools, layout_vaults_quadrants
Vaults:3: hangedman_vaults_slice, grunt_vaults_twisty, v_misc_18,
          nicolae_vaults_windows_and_doors_thing,
          nicolae_vaults_diagonal_hallway_9, nicolae_vaults_quartermaster,
          hangedman_vaults_stream, v_alt_pattern_6, vaults_dpeg_ring,
          layout_vaults_ring, serial_shops, bzr_firewalk
Vaults:4: ontoclasm_vaults_decontamination, grunt_vaults_hallway_long,
          vaults_room_stairs_pillars, vaults_dpeg_doors, v_misc_2,
          dpeg_vaults_monster_box, st_diamondy, layout_vaults_chaotic_city
Depths:1: layout_basic, abandoned_shop, grunt_hell_entry_demonic_statue,
          serial_shops, shop_statue, drop_trap, st_stairs_5,
          nicolae_vehumet_radiance
Depths:2: kennysheep_bubbly, layout_cave_shapes, rand_demon_pan_entry_4,
          nicolae_concentric_dashed_squares_wild, pf_hell_entry_great_geh,
          serial_shops, nicolae_shop_statue_plus, nicolae_take_the_stairs,
          chequers_serial_rivers_large_a, infiniplex_staircase_zigzag_1,
          firewood_loft, uniq_aizul
Depths:3: grunt_deathspiral_large, layout_gridlike, enter_ziggurat_a, pan_entry,
          hangedman_coc_ice_floe, hangedman_abyss_entry_splay,
          nicolae_wu_jian_immortal_techniques
Depths:4: grunt_twist_and_shout, layout_honeycomb, nicolae_ru_path_of_blood,
          hell_entry, minmay_gold_behind_fungi
Zot:1:    kennysheep_blocky_hall, layout_gridlike, grunt_megastairs_3
Zot:2:    layout_cellular_growth, st_single_dragon_hoard_2
Zot:3:    layout_basic
Zot:4:    layout_gridlike
Zot:5:    layout_cellular_growth

Skill      XL: |  1  2  3  4  5  6  7  8  9 10 11 12 13 14 15 16 17 18 19 20 21 22 23 24 |
---------------+-------------------------------------------------------------------------+-----
Hexes          | 1 2 3 4 |  4.4
Spellcasting   | 3 4 5 7 9 11 12 13 14 15 | 15.4
Conjurations   | 5 6 7 8 10 11 12 | 12.7
Fighting       | 1 2 3 4 6 8 10 11 12 14 15 17 | 17.9
Dodging        | 2 4 5 7 9 11 12 | 12.1
Translocations | 2 3 6 8 10 | 10.2
Shields        | 3 4 6 9 12 15 17 | 17.2
Summonings     | 2 5 7 10 12 13 14 15 | 15.3
Stealth        | 2 4 6 |  6.0
Short Blades   | 1 4 6 |  6.0
Earth Magic    | 5 7 10 13 14 15 | 15.1
Armour         | 5 6 9 |  9.9
Invocations    | 6 7 10 12 | 12.4

Action                   |  1- 3 |  4- 6 |  7- 9 | 10-12 | 13-15 | 16-18 | 19-21 | 22-24 || total
-------------------------+-------+-------+-------+-------+-------+-------+-------+-------++-------
Melee: Dagger            |    31 |    43 |    64 |       |   212 |   412 |   342 |   169 ||  1273
       Spear             |       |       |    77 |       |       |       |       |       ||    77
       Trident           |       |       |    25 |   200 |   148 |     1 |       |    11 ||   385
       Staff             |       |       |       |       |     3 |     5 |       |       ||     8
 Cast: Magic Dart        |    37 |       |       |       |       |       |       |       ||    37
       Searing Ray       |    11 |    43 |    27 |    10 |       |       |       |       ||    91
       Fulminant Prism   |       |       |    26 |    21 |       |       |       |       ||    47
       Summon Forest     |       |       |       |    39 |    60 |    65 |    43 |     4 ||   211
       Summon Cactus Gia |       |       |       |    18 |    42 |       |       |       ||    60
       Summon Hydra      |       |       |       |       |   102 |   112 |    89 |    47 ||   350
       Monstrous Menager |       |       |       |       |    30 |    26 |       |       ||    56
       Iron Shot         |       |       |       |       |    23 |   133 |   182 |   169 ||   507
       Spellforged Servi |       |       |       |       |       |    29 |    41 |    33 ||   103
       Malign Gateway    |       |       |       |       |       |       |    38 |    56 ||    94
Invok: Temporal Distorti |       |       |       |       |       |       |     3 |       ||     3
       Step From Time    |       |       |       |       |       |       |       |     2 ||     2
Evoke: Wand              |       |       |     7 |       |       |       |     2 |     5 ||    14
  Use: Scroll            |     1 |     4 |     6 |     4 |    18 |    10 |    20 |    23 ||    86
       Potion            |       |       |       |     1 |     2 |     1 |     7 |     6 ||    17
 Stab: Sleeping          |     2 |     2 |       |     4 |     7 |     5 |    14 |    12 ||    46
       Distracted        |       |       |     2 |     6 |    11 |    20 |    12 |     7 ||    58
       Paralysed         |       |       |       |     9 |    68 |    84 |    74 |    40 ||   275
       Invisible         |       |       |       |       |       |       |     3 |       ||     3
Armor: Robe              |     3 |     9 |    28 |       |       |       |       |       ||    40
       Steam dragon scal |       |       |    20 |    43 |       |       |       |       ||    63
       Troll leather arm |       |       |       |    24 |    54 |    79 |    80 |    24 ||   261
       Fire dragon scale |       |       |       |       |       |       |     2 |    24 ||    26
Dodge: Dodged            |    26 |    27 |   120 |   224 |   322 |   649 |   496 |   193 ||  2057
Block: Other             |     7 |    10 |    48 |     6 |       |       |       |       ||    71
       Reflection        |       |       |     3 |    20 |     4 |       |    12 |     3 ||    42
       Buckler           |       |       |       |   178 |   178 |   218 |   119 |       ||   693
       Kite shield       |       |       |       |       |       |       |   147 |   114 ||   261
       Tower shield      |       |       |       |       |       |       |       |   180 ||   180

Table legend: (Time is in decaauts)
 A = Elapsed time spent in this place.
 B = Non-inter-level travel time spent in this place.
 C = Inter-level travel time spent in this place.
 D = Time resting spent in this place.
 E = Time spent auto-exploring this place.
 F = Levels seen in this place.
 G = Mean time per level.
                   A        B        C        D        E       F      G
               +--------+--------+--------+--------+--------+-----+--------+
         Total |  89398 |  80873 |   8525 |   3776 |  60180 |  57 | 1568.4 |
       Dungeon |  24148 |  21180 |   2968 |   1706 |  16249 |  15 | 1609.9 |
          Lair |  12473 |  10971 |   1502 |    304 |   9122 |   6 | 2078.8 |
     Snake Pit |   7953 |   7157 |    796 |      0 |   6127 |   4 | 1988.2 |
   Spider Nest |   8565 |   8173 |    392 |      6 |   6353 |   4 | 2141.2 |
    Slime Pits |   2024 |   1925 |     99 |    227 |    833 |   5 |  404.8 |
  Orcish Mines |   3825 |   3627 |    198 |     89 |   2691 |   2 | 1912.5 |
   Elven Halls |   7087 |   6592 |    495 |    563 |   4116 |   3 | 2362.3 |
        Vaults |  10237 |   9052 |   1185 |     57 |   7181 |   4 | 2559.2 |
        Depths |   7556 |   6785 |    771 |    134 |   5185 |   4 | 1889.0 |
           Zot |   2805 |   2689 |    116 |    323 |   1222 |   5 |  561.0 |
         Abyss |    866 |    866 |      0 |      0 |    528 |   1 |  866.0 |
        Bazaar |    546 |    546 |      0 |      0 |    254 |   2 |  273.0 |
         Sewer |    190 |    190 |      0 |      0 |    123 |   1 |  190.0 |
      Ice Cave |   1118 |   1118 |      0 |    367 |    193 |   1 | 1118.0 |
               +--------+--------+--------+--------+--------+-----+--------+

Top non-repeatable levels by time:
   Elf:3: 3202 daAuts
Depths:2: 2973 daAuts
Spider:4: 2923 daAuts
    D:11: 2911 daAuts
Vaults:1: 2771 daAuts
 Snake:3: 2704 daAuts
Vaults:2: 2607 daAuts
  Lair:6: 2580 daAuts
Depths:4: 2570 daAuts
Vaults:4: 2491 daAuts
  Lair:3: 2450 daAuts
Vaults:3: 2366 daAuts
   Elf:2: 2356 daAuts
Spider:2: 2324 daAuts
   Orc:2: 2199 daAuts
